 Dungeon Crawl Stone Soup version 0.27.1-33-g824d729ab1 (webtiles) character file.

Game seed: 18088276463002519109

44 vvl the Skirmisher (level 3, -2/29 HPs)
             Began as a Demonspawn Fighter on Dec 30, 2021.
             Killed from afar by a dart slug (6 damage)
             ... with a slug dart
             ... on level 2 of the Dungeon.
             The game lasted 00:06:28 (1444 turns).

vvl the Skirmisher (Demonspawn Fighter)             Turns: 1444, Time: 00:06:29

Health: -2/29      AC:  9    Str: 16    XL:     3   Next: 39%
Magic:  3/3        EV:  8    Int: 10    God:
Gold:   36         SH:  8    Dex: 12    Spells: 3/3 levels left

rFire    + . .     SeeInvis .   g - staff of death
rCold    . . .     Faith    .   c - +0 kite shield
rNeg     + . .     Spirit   .   h - +4 ring mail {rF+}
rPois    .         Reflect  .   (no helmet)
rElec    .         Harm     .   (no cloak)
rCorr    .         Rampage  .   (no gloves)
Will     .....                  (no boots)
Stlth    +.........             (no amulet)
HPRegen  0.09/turn              (no ring)
MPRegen  0.08/turn              (no ring)

@: attractive
A: claws 1
a: no special abilities


You were on level 2 of the Dungeon.
You visited 1 branch of the dungeon, and saw 2 of its levels.

You collected 36 gold pieces.

Inventory:

Hand Weapons
 a - a +0 long sword
 d - a +1 short sword of venom
Armour
 c - a +0 kite shield (worn)
 h - a +4 ring mail of fire resistance (worn)
Magical Staves
 g - a staff of death (weapon)
Scrolls
 e - a scroll of identify {unknown}


   Skills:
 + Level 3.1 Fighting
 - Level 2.0 Long Blades
 * Level 0.5 Staves
 + Level 2.8 Armour
 + Level 0.5 Dodging
 + Level 2.8 Shields
 + Level 0.6 Spellcasting
 * Level 1.2 Necromancy
 + Level 0.6 Earth Magic


You had 3 spell levels left.
You didn't know any spells.
Your spell library was empty.

Dungeon Overview and Level Annotations

Branches:
Dungeon (2/15)

Altars:

Shops:
D:1 [


Innate Abilities, Weirdness & Mutations

You have sharp fingernails.


Message History

You hit the adder.
The adder is severely wounded.
* * * LOW HITPOINT WARNING * * *
You feel sick. You block the adder's attack.
The adder bites you but does no damage.
You closely miss the adder.
The adder is severely wounded.
You feel sick. You block the adder's attack.
The adder bites you but does no damage.
It was a potion of attraction.
You feel attractive to monsters.
You feel sick.
You are no longer poisoned.
You block the adder's attack.
You hit the adder.
The adder is almost dead.
You block the adder's attack. x2
You closely miss the adder.
The adder is almost dead.
The adder bites you but does no damage. x2
You hit the adder but do no damage.
The adder is almost dead.
You block the adder's attack.
You hit the adder but do no damage.
The adder is almost dead.
You block the adder's attack. The adder barely misses you.
You hit the adder.
You kill the adder!
You hit the dart slug but do no damage. You block the dart slug's attack.
You hit the dart slug.
The dart slug is moderately wounded.
You block the dart slug's attack.
You hit the dart slug but do no damage.
The dart slug is moderately wounded.
The dart slug bites you but does no damage.
You hit the dart slug.
The dart slug is severely wounded.
The dart slug launches a dart at you. The slug dart hits you.
You die...

.. #......##
..##....<..#
.......#..#.##
..###.##.....#.
#......$....
###.....##.#
#........#
#w##.#### #@#
... #.# ####
###


You could see a dart slug.

Vanquished Creatures
  2 adders (D:2)
  4 bats (D:1)
  3 endoplasms (D:1)
  A hobgoblin (D:1)
  4 kobolds (D:1)
  A quokka (D:1)
  3 ball pythons (D:1)
  A frilled lizard (D:1)
  3 goblins (D:1)
  4 rats (D:1)
26 creatures vanquished.

Vanquished Creatures (others)
  3 demonic plants (D:1)
  A fungus (D:1)
4 creatures vanquished.

Grand Total: 30 creatures vanquished

Notes
Turn   | Place    | Note
-------+----------+-------------------------------------------
     0 | D:1      | vvl the Demonspawn Fighter began the quest for the Orb.
     0 | D:1      | Reached XP level 1. HP: 18/18 MP: 1/1
   138 | D:1      | Found a faded altar of an unknown god.
   225 | D:1      | Found Iboackol's Antique Armour Boutique.
   413 | D:1      | Gained mutation: You have sharp fingernails. [demonic
                  | ancestry]
   413 | D:1      | Reached XP level 2. HP: 8/24 MP: 2/2
  1242 | D:1      | Reached skill level 1 in Necromancy
  1429 | D:2      | Reached XP level 3. HP: 12/29 MP: 3/3
  1444 | D:2      | Killed from afar by a dart slug

Illustrated notes

Levels and vault maps discovered:
D:1:      scummos_arrival_gate, layout_basic, shapermc_ecumenical_altar_gd,
          serial_shops, shop, hangedman_decor_riveting
D:2:      layout_basic, uniq_jessica, uniq_crazy_yiuf_cottage, uniq_robin

Skill      XL: |  1  2 |
---------------+-------+-----
Long Blades    | 2 |  2.0
Necromancy     | 1 |  1.2
Fighting       | |  3.1
Staves         | |  0.5
Armour         | |  2.8
Dodging        | |  0.5
Shields        | |  2.8
Spellcasting   | |  0.6
Earth Magic    | |  0.6

Action                   || total
-------------------------++-------
Melee: Long sword        ||    72
       Staff             ||   104
  Use: Potion            ||     2
Armor: Scale mail        ||   106
       Ring mail         ||    32
Dodge: Dodged            ||    78
Block: Kite shield       ||   120
       Rpst.: Long sword ||     8
